 Dungeon Crawl Stone Soup version 0.28-a0-653-g7e9dba17c3 (webtiles) character file.

Game seed: 12884401580898847282

17815 blank1 the Cleaver (level 12, -5/115 HPs)
             Began as a Minotaur Fighter on Oct 11, 2021.
             Was the Champion of Okawaru.
             Killed from afar by an ice statue (15 damage)
             ... with a freezing blast
             ... in an ice cave.
             The game lasted 00:26:13 (11763 turns).

blank1 the Cleaver (Minotaur Fighter)              Turns: 11763, Time: 00:26:14

Health: -5/115     AC: 17    Str: 23    XL:     12   Next: 22%
Magic:  14/14      EV:  7    Int:  5    God:    Okawaru [******]
Gold:   807        SH: 10    Dex: 13    Spells: 11/11 levels left

rFire   . . .      SeeInvis .   w - +4 broad axe (venom)
rCold   . . .      Faith    .   a - +1 kite shield
rNeg    . . .      Spirit   .   o - +0 plate armour
rPois   +          Reflect  .   (helmet restricted)
rElec   .          Harm     .   m - scarf {repulsion}
rCorr   +          Rampage  .   v - +2 pair of gloves
Will    .....                   (no boots)
Stlth   ..........              g - amulet of regeneration
HPRegen 1.29/turn               b - ring of poison resistance
MPRegen 0.14/turn               h - ring of resist corrosion

@: studying Evocations, repel missiles
A: horns 2, retaliatory headbutt
a: Renounce Religion, Heroism, Finesse, Duel


You were in an ice cave.
You worshipped Okawaru.
Okawaru was exalted by your worship.
You visited 2 branches of the dungeon, and saw 11 of its levels.
You also visited: Sewer and Ice Cave.

You collected 807 gold pieces.

Inventory:

Hand Weapons
 w - a +4 broad axe of venom (weapon)
 D - a +2 flail of holy wrath
Missiles
 f - 6 throwing nets (quivered)
 B - 17 javelins
Armour
 a - a +1 kite shield (worn)
 c - a +0 buckler of poison resistance
 m - a scarf of repulsion (worn)
 o - a +0 plate armour (worn)
 v - a +2 pair of gloves (worn)
Jewellery
 b - a ring of poison resistance (left hand)
 g - an amulet of regeneration (around neck)
 h - a ring of resist corrosion (right hand)
 H - a +6 ring of intelligence
Wands
 t - a wand of polymorph (5)
 z - a wand of iceblast (14)
 F - a wand of flame (41)
Scrolls
 j - a scroll of holy word
 k - 3 scrolls of blinking
 n - a scroll of teleportation
 p - 2 scrolls of magic mapping
 y - a scroll of fog
 E - a scroll of enchant armour
 G - a scroll of fear
Potions
 d - 2 potions of might
 e - a potion of magic
 i - 2 potions of flight
 l - 2 potions of curing
 r - 2 potions of brilliance
 s - 3 potions of haste
 u - 2 potions of mutation
 x - a potion of resistance
 A - a potion of berserk rage
 C - a potion of cancellation


   Skills:
 + Level 13.5 Fighting
 + Level 14.5 Axes
 - Level 10.0 Armour
 + Level 6.3 Dodging
 - Level 5.0 Shields
 - Level 5.0 Invocations
 - Level 5.0 Evocations


You had 11 spell levels left.
You didn't know any spells.
Your spell library contained the following spells:

 Spells                   Type           Power      Damage    Failure   Level
 Blink                    Tloc           N/A        N/A       100%        2
 Ensorcelled Hibernation  Hex/Ice        0%         N/A       100%        2
 Passwall                 Tmut/Erth      0%         N/A       100%        2
 Lesser Beckoning         Tloc           0%         N/A       100%        3
 Swiftness                Air            0%         N/A       100%        3
 Manifold Assault         Tloc           0%         N/A       100%        5
 Invisibility             Hex            0%         N/A       100%        6
 Orb of Destruction       Conj           0%         N/A       100%        7
 Summon Guardian Golem    Hex/Summ       Unusable   N/A       N/A         3
 Tukima's Dance           Hex            Unusable   N/A       N/A         3
 Spellforged Servitor     Conj/Summ      Unusable   N/A       N/A         7

Dungeon Overview and Level Annotations

Branches:
Dungeon (10/15)            Temple (0/1) D:5            Lair (1/6) D:9
    Orc (0/2) D:10          Sewer (visited)           IceCv (1/1)

Altars:
Cheibriados
Dithmenos
Elyvilon
Gozag
Makhleb
Okawaru
Qazlal
Ru
Sif Muna
Uskayaw
Wu Jian
Xom
Zin
The Shining One

Annotations:
IceCv exclusion: ice statue


Innate Abilities, Weirdness & Mutations

You have a pair of horns on your head.
You reflexively headbutt those who attack you in melee.


Message History

* * * LOW HITPOINT WARNING * * *
You hit the ice statue but do no damage.
The ice statue is heavily damaged.
You slash the ice beast!
The ice beast looks as sick as possible!
The ice statue gestures.
You block the ice beast's attack.
You feel much better. You block the ice beast's attack.
You hit the ice statue.
The ice statue is heavily damaged.
You slash the ice beast!
The ice beast looks as sick as possible!
You hit the ice beast. The ice statue gestures at you.
The bolt of cold hits you!!
* * * LOW HITPOINT WARNING * * *
The ice beast hits you but does no damage. x2
Unknown command.
Okay, then.
Okay, then.
You slash the ice statue!
The ice statue is heavily damaged.
You slash the ice beast!
The ice beast is poisoned.
You slash the ice beast!
You kill the ice beast!
The ice beast disappears in a puff of smoke!
The ice beast barely misses you.
The ice statue gestures.
You slice the ice statue!!
You headbutt the ice statue, but do no damage.
The ice statue is almost destroyed.
You hit the ice beast. x2; You block the ice beast's attack. x2
Unknown command.
You hit the ice statue but do no damage.
The ice statue is almost destroyed.
You slash the ice beast! x2
You kill the ice beast!
The ice beast disappears in a puff of smoke!
The ice statue gestures at you. The freezing blast engulfs you!
You die...

#...###..##.#
#..#..##..##
#†.†###.#.## ##.##
#.#..# ### ##...#
##...## ##....# ###
#### #.....# #.##
###..####....###@8#
##.††.##....###Y§.##
....#.......##.....##
...###......##......#
..##
###...#.....##..# ###
##........# #.#
#........## ..#
##.......# .#
##.....##


You could see an ice statue and an ice beast (summoned).

Vanquished Creatures
  Harold (D:8)
  A catoblepas (D:10)
  2 two-headed ogres
  3 death yaks (IceCv)
  4 skeletal warriors (D:9)
  Pikel (D:6)
  An ugly thing (IceCv)
  2 unseen horrors (D:8)
  2 komodo dragons (Lair:1)
  A rime drake (IceCv)
  4 polar bears (IceCv)
  A hornet (D:7)
  6 slime creatures (D:8)
  A shadow (D:10)
  A steam dragon (D:4)
  13 yaks
  A wraith (D:10)
  A vampire mosquito (D:10)
  5 water moccasins
  2 acid dragons
  5 orc warriors
  A sky beast (D:8)
  A black bear (D:7)
  3 necrophages
  A centaur (D:9)
  5 ogres
  4 wolves (IceCv)
  3 lemures (D:6)
  A phantom (D:4)
  Blork the orc (D:4)
  3 kobold brigands
  2 bullfrogs
  A gnoll sergeant (D:6)
  3 scorpions
  A wyvern zombie (D:9)
  A water moccasin zombie (D:5)
  2 water moccasin skeletons
  4 killer bees (D:8)
  5 wights (D:9)
  3 centaur zombies
  5 orc priests
  3 hounds
  A bullfrog zombie (D:5)
  2 centaur skeletons (D:7)
  2 gnoll shamans (D:6)
  2 jellies
  2 iguanas
  12 orc wizards
  2 killer bee zombies
  A hound skeleton (D:4)
  2 mummies (D:9)
  A howler monkey skeleton (D:7)
  6 gnolls
  4 adders
  6 river rats (Sewer)
  A shadow imp (D:6)
  2 worms
  31 orcs
  9 ball pythons
  4 endoplasms
  8 giant cockroaches
  5 goblins
  12 hobgoblins
  7 jackals
  26 kobolds
  4 quokkas
  2 bats (D:3)
  8 frilled lizards (Sewer)
  10 rats
283 creatures vanquished.

Vanquished Creatures (others)
  2 ogres (D:4)
  A scorpion (D:4)
  A hound (D:4)
  A worm (D:4)
  A fungus (Lair:1)
  47 plants
  A withered plant (D:9)
54 creatures vanquished.

Grand Total: 337 creatures vanquished

Notes
Turn   | Place    | Note
-------+----------+-------------------------------------------
     0 | D:1      | blank1 the Minotaur Fighter began the quest for the Orb.
     0 | D:1      | Reached XP level 1. HP: 19/19 MP: 0/0
   365 | D:1      | Reached XP level 2. HP: 24/27 MP: 1/1
   778 | D:2      | Reached skill level 3 in Axes
   778 | D:2      | Reached XP level 3. HP: 26/33 MP: 2/2
   951 | D:2      | Found an iron altar of Okawaru.
   962 | D:2      | Reached skill level 4 in Axes
   963 | D:2      | Became a worshipper of Warmaster Okawaru
  1762 | D:3      | Reached skill level 1 in Dodging
  1773 | D:3      | Found a glowing drain.
  1783 | Sewer    | Entered a sewer
  1801 | Sewer    | Reached XP level 4. HP: 37/40 MP: 3/3
  2488 | D:3      | Found an opulent altar of Gozag.
  2603 | D:3      | Reached XP level 5. HP: 47/47 MP: 4/4
  2768 | D:3      | Found a hide-covered altar of Uskayaw.
  2932 | D:3      | Reached skill level 5 in Fighting
  2932 | D:3      | Reached skill level 5 in Axes
  3273 | D:4      | Reached skill level 1 in Invocations
  3306 | D:4      | Reached XP level 6. HP: 50/56 MP: 5/5
  3369 | D:4      | Found a shadowy altar of Dithmenos.
  3394 | D:4      | Reached * piety under Okawaru
  3454 | D:4      | Noticed a steam dragon
  3466 | D:4      | Killed a steam dragon
  3470 | D:4      | Reached skill level 6 in Axes
  3470 | D:4      | Reached XP level 7. HP: 7/63 MP: 6/8
  3755 | D:4      | Noticed Blork the orc
  3760 | D:4      | Killed Blork the orc
  3760 | D:4      | Reached ** piety under Okawaru
  3798 | D:4      | Found a shimmering altar of Xom.
  3852 | D:4      | Found a white marble altar of Elyvilon.
  4005 | D:4      | Found a glowing silver altar of Zin.
  4106 | D:4      | Identified the +8 hunting sling "Piliomu" {venom, +Blink
                  | rPois Will+}
  4323 | D:4      | Reached skill level 5 in Armour
  4560 | D:5      | Entered Level 5 of the Dungeon
  4567 | D:5      | Reached skill level 7 in Axes
  4574 | D:5      | Reached XP level 8. HP: 64/73 MP: 9/9
  4661 | D:5      | Reached *** piety under Okawaru
  4713 | D:5      | Found a staircase to the Ecumenical Temple.
  5006 | D:5      | Identified the +3 ring mail "Nerulafi" {Int+2}
  5217 | D:6      | Reached skill level 8 in Axes
  5515 | D:6      | Found a sacrificial altar of Ru.
  6286 | D:6      | Noticed Pikel
  6298 | D:6      | Killed Pikel
  6299 | D:6      | Reached skill level 10 in Fighting
  6299 | D:6      | Reached XP level 9. HP: 73/85 MP: 10/10
  6405 | D:6      | Reached **** piety under Okawaru
  6408 | D:6      | HP: 2/85 [orc warrior (19)]
  6423 | D:6      | HP: 1/85 [gnoll (5)]
  6912 | D:6      | Reached skill level 9 in Axes
  7515 | D:7      | Reached skill level 10 in Axes
  8248 | D:8      | Noticed a two-headed ogre
  8261 | D:8      | Killed a two-headed ogre
  8261 | D:8      | Reached ***** piety under Okawaru
  8262 | D:8      | Reached skill level 5 in Dodging
  8413 | D:8      | HP: 3/85 [very large slime creature (49)]
  8547 | D:8      | Reached XP level 10. HP: 63/93 MP: 11/11
  8649 | D:8      | Reached skill level 5 in Shields
  8691 | D:8      | Identified 2 scrolls of acquirement
  8691 | D:8      | Acquired a manual of Evocations
  8693 | D:8      | Acquired a +4 broad axe of venom
  8721 | D:8      | Received a gift from Okawaru
  8923 | D:8      | Reached skill level 1 in Evocations
  8982 | D:8      | Found a stormy altar of Qazlal.
  9188 | D:8      | Reached skill level 11 in Axes
  9275 | D:8      | Found an ornate altar of the Wu Jian Council.
  9280 | D:8      | Noticed Harold
  9289 | D:8      | Killed Harold
  9289 | D:8      | Received a gift from Okawaru
  9484 | D:9      | Noticed a two-headed ogre
  9488 | D:9      | Killed a two-headed ogre
  9488 | D:9      | Received a gift from Okawaru
  9506 | D:9      | Reached XP level 11. HP: 84/104 MP: 13/13
  9509 | D:9      | Noticed a skeletal warrior
  9521 | D:9      | Killed a skeletal warrior
  9521 | D:9      | Received a gift from Okawaru
  9522 | D:9      | Reached skill level 12 in Axes
  9611 | D:9      | Found a staircase to the Lair.
  9864 | D:9      | Noticed a skeletal warrior
  9864 | D:9      | Noticed a skeletal warrior
  9868 | D:9      | Noticed a skeletal warrior
  9873 | D:9      | Killed a skeletal warrior
  9874 | D:9      | Killed a skeletal warrior
  9882 | D:9      | Killed a skeletal warrior
  9882 | D:9      | Reached ****** piety under Okawaru
  9883 | D:9      | Reached skill level 10 in Armour
 10044 | D:9      | Found a shimmering blue altar of Sif Muna.
 10146 | D:10     | Entered Level 10 of the Dungeon
 10159 | D:10     | Found a glowing golden altar of the Shining One.
 10184 | D:10     | Found a staircase to the Orcish Mines.
 10450 | D:10     | Found a snail-covered altar of Cheibriados.
 10719 | D:10     | Reached skill level 13 in Axes
 10872 | D:10     | Noticed a catoblepas
 10882 | D:10     | Killed a catoblepas
 10883 | D:10     | Reached skill level 5 in Invocations
 10883 | D:10     | Reached skill level 5 in Evocations
 11058 | D:10     | Found a burning altar of Makhleb.
 11476 | Lair:1   | Entered Level 1 of the Lair of Beasts
 11561 | Lair:1   | Found a frozen archway.
 11568 | IceCv    | Entered an ice cave
 11583 | IceCv    | Reached skill level 14 in Axes
 11591 | IceCv    | Noticed a death yak
 11591 | IceCv    | Noticed a death yak
 11604 | IceCv    | Received a gift from Okawaru
 11605 | IceCv    | Killed a death yak
 11606 | IceCv    | Reached XP level 12. HP: 109/115 MP: 11/14
 11613 | IceCv    | Killed a death yak
 11676 | IceCv    | Noticed a death yak
 11695 | IceCv    | Killed a death yak
 11760 | IceCv    | HP: 5/115 [ice statue/bolt of cold (28)]
 11763 | IceCv    | Killed from afar by an ice statue

Illustrated notes

Levels and vault maps discovered:
D:1:      roderic_crop_circles_arrival_small, layout_basic
D:2:      layout_loops_corners, basic_altar, kennysheep_potato
D:3:      layout_loops_ring, lemuel_crystal_altar, lemuel_doored_altar,
          portal_sewer_entry_e
D:4:      layout_loops_cross, lemuel_coloured_pillars_altar,
          nicolae_dithmenos_through_a_glass_darkly, xom_confusion_cloud,
          elyvilon_altar_4, st_stairs_6, uniq_blork_the_orc
D:5:      layout_basic, minmay_temple_entry_proselytizer, chequers_mini_garden
D:6:      kennysheep_housing_project, layout_rooms,
          mainiacjoe_overflow_alcove_2, uniq_pikel
D:7:      layout_rooms
D:8:      layout_basic, nicolae_overflow_crystal_walls, marbit_many_paths,
          special_room [special_room_orc], uniq_harold
D:9:      layout_rooms, kennysheep_orc_sif_temple, lair_entry_dummy,
          serial_undead, serial_undead_e, serial_undead_b, serial_undead_c,
          serial_undead_a, serial_undead_a, serial_undead_d
D:10:     layout_layer_cave, lemuel_round_altar, amcnicky_altar_gilded,
          lightli_temple_of_fire, orc_0_dummy, hangedman_corner_corridor
Lair:1:   layout_gridlike, portal_ice_cave_entry_ice_simulacra, minivault_19
IceCv:    ice_cave_small_giant

Skill      XL: |  1  2  3  4  5  6  7  8  9 10 11 12 |
---------------+-------------------------------------+-----
Armour         | 4 5 6 8 9 10 | 10.0
Shields        | 4 5 |  5.0
Fighting       | 4 5 6 7 10 11 13 | 13.5
Axes           | 3 4 5 6 7 8 10 11 14 | 14.5
Dodging        | 1 2 3 5 6 |  6.3
Invocations    | 1 2 3 4 5 |  5.0
Evocations     | 4 5 |  5.0

Action                   |  1- 3 |  4- 6 |  7- 9 | 10-12 || total
-------------------------+-------+-------+-------+-------++-------
Melee: War axe           |    67 |    99 |   305 |    51 ||   522
       Headbutt          |     3 |    13 |    59 |    83 ||   158
       Broad axe         |       |       |       |   281 ||   281
Invok: Heroism           |       |       |       |     3 ||     3
Evoke: Wand              |       |       |     1 |     9 ||    10
  Use: Scroll            |     1 |     1 |    16 |     9 ||    27
       Potion            |       |     1 |     1 |     7 ||     9
Armor: Scale mail        |    17 |       |       |       ||    17
       Plate armour      |    15 |    61 |   199 |   208 ||   483
Dodge: Dodged            |    23 |    33 |   110 |    86 ||   252
       Repelled          |       |       |     1 |     3 ||     4
Block: Buckler           |    16 |    12 |    50 |    16 ||    94
       Kite shield       |       |       |       |   131 ||   131

Table legend: (Time is in decaauts)
 A = Elapsed time spent in this place.
 B = Non-inter-level travel time spent in this place.
 C = Inter-level travel time spent in this place.
 D = Time resting spent in this place.
 E = Time spent auto-exploring this place.
 F = Levels seen in this place.
 G = Mean time per level.
                   A        B        C        D        E       F      G
               +--------+--------+--------+--------+--------+-----+--------+
         Total |  11931 |  11402 |    529 |   1390 |   7604 |  13 |  917.8 |
       Dungeon |  11019 |  10490 |    529 |   1353 |   7131 |  10 | 1101.9 |
          Lair |     93 |     93 |      0 |      0 |      0 |   1 |   93.0 |
         Sewer |    624 |    624 |      0 |      0 |    453 |   1 |  624.0 |
      Ice Cave |    193 |    193 |      0 |     37 |     19 |   1 |  193.0 |
               +--------+--------+--------+--------+--------+-----+--------+

Top non-repeatable levels by time:
     D:6: 1882 daAuts
     D:8: 1464 daAuts
     D:3: 1274 daAuts
    D:10: 1251 daAuts
     D:5: 1079 daAuts
     D:4: 1060 daAuts
     D:2: 1060 daAuts
     D:9: 760 daAuts
     D:1: 648 daAuts
   Sewer: 624 daAuts
     D:7: 536 daAuts
   IceCv: 193 daAuts
  Lair:1: 93 daAuts
